 Dungeon Crawl Stone Soup version 0.30-b1-2-g02819fbbbe (webtiles) character file.

Game seed: 3829256706847009698

1815 Mesmaeker13 the Grave Robber (level 8, -10/52 (57) HPs)
             Began as a Demigod Necromancer on June 11, 2023.
             Mangled by a wight
             ... wielding a +0 battleaxe
              (12 damage)
             ... on level 7 of the Dungeon.
             The game lasted 00:13:04 (6030 turns).

Mesmaeker13 the Grave Robber (Demigod Necromancer)  Turns: 6030, Time: 00:13:05

HP:   -10/52 (57)   AC:  5    Str: 13    XL:     8   Next: 55%
MP:   29/29         EV: 14    Int: 21    God:
Gold: 518           SH:  0    Dex: 14    Spells: 5/18 levels left

rFire   . . .        p - +2 whip (drain)
rCold   . . .        (no shield)
rNeg    . . .        a - +0 robe
rPois   .            B - +0 helmet
rElec   .            m - +0 cloak
rCorr   .            J - +0 pair of gloves
SInv    .            (no boots)
Will    .....        (no amulet)
Stlth   ++           c - ring of magical power
HPRegen 0.28/turn    k - ring of wizardry
MPRegen 0.21/turn

%: wizardry (x1)
@: drained
A: high MP 1, forlorn, divine attributes
a: no special abilities


You were on level 7 of the Dungeon.
You visited 1 branch of the dungeon, and saw 8 of its levels.

You collected 518 gold pieces.

Inventory:

Hand Weapons
 p - a +2 whip of draining (weapon)
 s - a +2 short sword of draining
 G - a +4 morningstar
Missiles
 u - 3 javelins (quivered)
 D - 2 poisoned darts
Armour
 a - a +0 robe (worn)
 d - a +0 tower shield
 m - a +0 cloak (worn)
 B - a +0 helmet (worn)
 J - a +0 pair of gloves (worn)
Jewellery
 c - a ring of magical power (left hand)
 k - a ring of wizardry (right hand)
 y - a ring of willpower
 C - a +6 ring of intelligence
 N - a ring of poison resistance
Wands
 I - a wand of polymorph (14)
Scrolls
 n - a scroll of fear
 t - 2 scrolls of silence {unknown}
 w - 2 scrolls of enchant weapon {unknown}
 x - 2 scrolls of fog {unknown}
 F - a scroll of vulnerability {unknown}
 O - a scroll of magic mapping {unknown}
Potions
 b - 2 potions of magic
 f - a potion of might {unknown}
 g - 2 potions of cancellation {unknown}
 h - a potion of resistance {unknown}
 i - 2 potions of haste {unknown}
 j - 4 potions of attraction
 l - a potion of heal wounds {unknown}
 o - a potion of curing {unknown}
 q - a potion of flight {unknown}
 r - 3 potions of lignification
 z - a potion of berserk rage {unknown}
 A - 2 potions of brilliance
 E - a potion of degeneration {unknown}
 H - a potion of mutation {unknown}
 K - a potion of ambrosia {unknown}
 L - a potion of invisibility {unknown}


   Skills:
 + Level 6.3 Dodging
 - Level 1.7 Stealth
 + Level 5.7 Spellcasting
 + Level 7.1 Necromancy


You had 5 spell levels left.
You knew the following spells:

 Your Spells              Type           Power      Damage    Failure   Level
a - Necrotise             Necr           100%       1d9       1%          1
b - Vampiric Draining     Necr           35%        2d8       1%          3
c - Animate Dead          Necr           35%        N/A       2%          4
d - Agony                 Necr           35%        N/A       6%          5

Your spell library contained the following spells:

 Spells                   Type           Power      Damage    Failure   Level
 Beastly Appendage        Tmut           12%        N/A       4%          1
 Sandblast                Erth           12%        2d6       4%          1
 Passwall                 Tmut/Erth      5%         N/A       6%          2
 Wereblood                Tmut           6%         N/A       6%          2
 Spider Form              Tmut/Pois      6%         N/A       12%         3
 Stone Arrow              Conj/Erth      12%        3d7       12%         3
 Vhi's Electric Charge    Tloc/Air       12%        N/A       12%         3
 Arcjolt                  Conj/Air       3%         1d13      69%         5
 Plasma Beam              Fire/Air       3%         2x1d14    99%         6


Dungeon Overview and Level Annotations

Branches:
Dungeon (8/15)             Temple (0/1) D:4
   Lair: D:8-11

Annotations:
D:8 Erica


Innate Abilities, Weirdness & Mutations

You have an increased reservoir of magic. (+10% MP)
You shall have no god before yourself.
Your divine heritage dramatically boosts your attributes as you level up.


Message History

As you read the scroll labelled FASENESATY, it crumbles to dust.
You assume a fearsome visage.
The wight is unaffected. x2
It was a scroll of fear.
The wight barely misses you.
You hit the wight but do no damage.
The wight is lightly damaged.
The wight misses you.
You hit the wight but do no damage.
The wight is lightly damaged.
The wight misses you.
You hit the wight.
The wight is moderately damaged.
The wight hits you with a +0 battleaxe!
You hit the wight.
The wight is heavily damaged.
The wight closely misses you. x2
You hit the wight.
The wight is severely damaged.
The wight barely misses you. The wight hits you with a +0 battleaxe!
You feel drained.
You hit the wight but do no damage.
The wight is severely damaged.
The wight hits you with a +4 flail! The wight barely misses you.
Unknown command.
You hit the wight.
The wight is almost destroyed.
The wight barely misses you. The wight hits you with a +4 flail.
* * * LOW HITPOINT WARNING * * *
You feel drained.
* * * LOW HITPOINT WARNING * * *
You barely miss the wight.
The wight is almost destroyed.
The wight closely misses you. The wight hits you with a +4 flail!
* * * LOW HITPOINT WARNING * * *
You feel drained.
* * * LOW HITPOINT WARNING * * *
Unknown command.
You hit the wight.
The wight is almost destroyed.
The wight hits you with a +0 battleaxe!
You die...

#.................
#.....(.(.........
#.................
#.................
#......>..........
#...).............
#........#########
#.z......#
#@z......#
##########


You could see 2 wights.

Vanquished Creatures
  A sky beast (D:5)
  A black bear (D:5)
  An ogre (D:6)
  An orc warrior (D:4)
  2 centaurs
  A bullfrog (D:6)
  A gnoll sergeant (D:8)
  3 scorpions
  A killer bee (D:5)
  4 hounds
  2 orc priests
  A sleepcap (D:6)
  6 iguanas
  5 orc wizards
  Robin (D:2)
  A gnoll (D:8)
  5 adders
  A dart slug (D:3)
  14 orcs
  6 endoplasms
  4 giant cockroaches
  11 goblins
  6 hobgoblins
  7 jackals
  3 quokkas
  3 ball pythons
  3 bats (D:1)
  5 frilled lizards
  7 kobolds
  A rat (D:1)
108 creatures vanquished.

Vanquished Creatures (collateral kills)
  An ice beast (D:5)
  A scorpion (D:5)
  3 hounds (D:5)
  An iguana (D:5)
  An adder (D:5)
  2 gnolls (D:8)
  A white imp (D:5)
  An ufetubus (D:6)
  2 orcs (D:5)
  A kobold (D:1)
  A frilled lizard (D:1)
15 creatures vanquished.

Vanquished Creatures (others)
  An orc wizard (D:7)
  A hound zombie (D:5)
  4 gnoll zombies (D:8)
  An orc zombie (D:5)
7 creatures vanquished.

Grand Total: 130 creatures vanquished

Notes
Turn   | Place    | Note
-------+----------+-------------------------------------------
     0 | D:1      | Mesmaeker13 the Demigod Necromancer began the quest for the
                  | Orb.
     0 | D:1      | Reached XP level 1. HP: 14/14 MP: 5/5
   367 | D:1      | Reached XP level 2. HP: 12/20 MP: 7/7
  1514 | D:3      | Noticed Robin
  1518 | D:2      | Reached skill level 4 in Necromancy
  1518 | D:2      | Reached XP level 3. HP: 18/26 MP: 9/9
  1523 | D:2      | Killed Robin
  1598 | D:3      | Learned a level 3 spell: Vampiric Draining
  1943 | D:3      | Reached XP level 4. HP: 33/33 MP: 10/10
  2115 | D:3      | Noticed an ogre
  2218 | D:4      | Learned a level 4 spell: Animate Dead
  2317 | D:4      | Reached XP level 5. HP: 36/38 MP: 12/12
  2920 | D:4      | Reached XP level 6. HP: 45/45 MP: 14/14
  2983 | D:4      | Reached skill level 5 in Necromancy
  3259 | D:4      | Found a staircase to the Ecumenical Temple.
  3494 | D:5      | Entered Level 5 of the Dungeon
  3997 | D:5      | Reached XP level 7. HP: 50/50 MP: 16/16
  4532 | D:5      | Reached skill level 5 in Dodging
  4532 | D:5      | Reached skill level 6 in Necromancy
  4724 | D:5      | Reached skill level 5 in Spellcasting
  4724 | D:5      | Reached XP level 8. HP: 57/57 MP: 19/19
  5147 | D:6      | Learned a level 5 spell: Agony
  5938 | D:8      | Reached skill level 7 in Necromancy
  5970 | D:8      | Noticed Erica
  6029 | D:7      | HP: 2/52 [wight/+4 flail (1)]
  6030 | D:7      | Mangled by a wight

Illustrated notes

Levels and vault maps discovered:
D:1:      tekkud_arrival_beachfront_property, layout_loops_ring,
          hangedman_feature_mirror, chequers_serial_rivers_micro_c
D:2:      layout_rooms, nicolae_elevator_lobby_plus
D:3:      layout_basic, general_overflow_altar, trog_book, uniq_robin
D:4:      layout_loops_ring, minmay_temple_entry_offerings,
          kennysheep_minor_cross, guppyfry_early_orc_mine
D:5:      layout_loops_ring, minmay_joined_circles
D:6:      layout_loops_cross, grunt_temple_overflow_growth_and_decay,
          nicolae_overflow_hidden_temple, nicolae_overflow_two_pavilions
D:7:      minmay_flawed_box, layout_basic,
          nicolae_dithmenos_through_a_glass_darkly, mainiacjoe_overflow_catwalk,
          ebering_ghost_reflecting_pool
D:8:      layout_rooms, uniq_erica, uniq_prince_ribbit1

Skill      XL: |  1  2  3  4  5  6  7  8 |
---------------+-------------------------+-----
Dodging        | 2 3 4 5 6 |  6.3
Spellcasting   | 2 3 4 5 |  5.7
Necromancy     | 4 5 6 7 |  7.1
Stealth        | |  1.7

Action                     |  1- 3 |  4- 6 |  7- 9 || total
---------------------------+-------+-------+-------++-------
  Melee: Club              |    11 |       |       ||    11
         Unarmed           |     3 |       |       ||     3
         Whip              |    45 |    51 |    37 ||   133
         Punch             |       |     1 |       ||     1
  Throw: Javelin           |       |     6 |     4 ||    10
         Dart              |       |    12 |     2 ||    14
   Cast: Necrotise         |    46 |    70 |    40 ||   156
         Vampiric Draining |       |    11 |    26 ||    37
         Animate Dead      |       |       |     2 ||     2
         Agony             |       |       |     1 ||     1
  Evoke: Wand              |       |     2 |    10 ||    12
    Use: Scroll            |       |     3 |     4 ||     7
         Potion            |       |     1 |       ||     1
   Stab: Sleeping          |     3 |       |       ||     3
 Armour: Robe              |    16 |    13 |    23 ||    52
         Skin              |       |    17 |       ||    17
  Dodge: Dodged            |    41 |    39 |    91 ||   171
